 Dungeon Crawl Stone Soup version 0.31-a0-152-g6aa68a64a1 (webtiles) character file.

Game seed: 7483015506649195067

106729 jasper the Convoker (level 15, -5/115 HPs)
             Began as a Demonspawn Summoner on June 9, 2023.
             Was the Champion of Cheibriados.
             Slain by Agnes
             ... wielding a +1 antimagic lajatang
              (19 damage)
             ... on level 15 of the Dungeon.
             The game lasted 00:45:45 (21286 turns).

jasper the Convoker (Demonspawn Summoner)          Turns: 21286, Time: 00:45:46

Health: -5/115     AC: 21    Str: 31    XL:     15   Next: 98%
Magic:  0/24       EV: 14    Int: 40    God:    Cheibriados [******]
Gold:   1487       SH: 11    Dex: 26    Spells: 4/26 levels left

rFire   . .          .
                       - Unarmed
rCold   + + .        Z - +2 kite shield {rC+}
rNeg    + + .        e - +2 ring mail {Will+}
rPois   .            O - +2 helmet {Int+3}
rElec   .            u - scarf of Reomaas {shadows, *Slow Str+7}
rCorr   .            (gloves unavailable)
SInv    .            D - +3 pair of boots of the Teaching Gods {rN++ Regen+ Dex-4}
Will    ++...        k - amulet of regeneration
Stlth   ++           J - +4 ring of protection
HPRegen 1.99/turn    I - ring of protection from cold
MPRegen 0.19/turn

%: slow self (1%)
@: slowed, very slow
A: demonic guardian 3, sturdy frame 1, demonic magic 2, demonic touch 3
a: Renounce Religion, Bend Time, Temporal Distortion, Slouch, Step From Time


You were on level 15 of the Dungeon.
You worshipped Cheibriados.
Cheibriados was exalted by your worship.
You visited 4 branches of the dungeon, and saw 23 of its levels.
You also visited: Ossuary and Gauntlet.

You collected 3116 gold pieces.
You spent 1629 gold pieces at shops.

Inventory:

Missiles
 U - 6 curare-tipped darts
Armour
 e - a +2 ring mail of willpower (worn)
 u - the scarf of Reomaas (worn) {shadows, *Slow Str+7}
   (You bought it in a shop on level 2 of the Orcish Mines)

   Str:       It affects your strength (+7).
   *Slow:     It may slow you when you take damage.
 A - a +0 troll leather armour
 C - a +2 cloak
 D - the +3 pair of boots of the Teaching Gods (worn) {rN++ Regen+ Dex-4}
   (You found it on level 9 of the Dungeon)

   Dex:       It affects your dexterity (-4).
   rN:        It greatly protects you from negative energy.
   Regen:     It increases your rate of health regeneration.
 O - a +2 helmet of intelligence (worn)
 Z - a +2 kite shield of cold resistance (worn)
Magical Staves
 g - a staff of cold
Jewellery
 k - an amulet of regeneration (around neck)
 z - an amulet of the acrobat
 H - a +6 ring of dexterity
 I - a ring of protection from cold (right hand)
 J - a +4 ring of protection (left hand)
 Q - a ring of magical power
 S - a ring of fire
 Y - a ring of ice
Wands
 d - a wand of paralysis (30)
 f - a wand of light (7)
 o - a wand of flame (24)
 r - a wand of roots (25)
 B - a wand of digging (5)
 N - a wand of polymorph (25)
Scrolls
 a - 4 scrolls of enchant armour
 j - 4 scrolls of immolation
 t - 5 scrolls of summoning
 w - 5 scrolls of teleportation
 x - 3 scrolls of magic mapping
 y - 5 scrolls of blinking
 K - a scroll of fear
 M - 2 scrolls of enchant weapon
 V - 9 scrolls of fog
 W - 2 scrolls of identify
 X - a scroll of brand weapon
Potions
 b - 2 potions of magic
 c - 3 potions of haste
 h - 2 potions of mutation
 i - 4 potions of brilliance
 l - 5 potions of lignification
 m - 7 potions of enlightenment
 n - 4 potions of curing
 p - 3 potions of heal wounds
 q - 7 potions of might
 s - a potion of invisibility
 v - 5 potions of berserk rage
 E - 3 potions of ambrosia
 L - 2 potions of resistance
 R - a potion of cancellation
Miscellaneous
 F - a phial of floods
 G - a tin of tremorstones (2/2)
 P - a phantom mirror
 T - a sack of spiders


   Skills:
 - Level 10.0 Fighting
 - Level 10.0 Armour
 - Level 4.9 Dodging
 - Level 1.7 Stealth
 + Level 0.0 Shields
 - Level 12.0 Unarmed Combat
 - Level 6.0 Spellcasting
 - Level 2.0 Hexes
 - Level 17.5 Summonings
 - Level 12.0 Invocations


You had 4 spell levels left.
You knew the following spells:

 Your Spells              Type           Power      Damage    Failure   Level
a - Summon Small Mammal   Summ           100%       N/A       0%          1
b - Blink                 Tloc           24%        N/A       10%         2
c - Call Canine Familiar  Summ           100%       N/A       0%          3
d - Summon Guardian Gole  Hex/Summ       74%        N/A       1%          3
e - Summon Lightning Spi  Summ/Air       70%        N/A       1%          4
f - Dragon's Call         Summ           50%        N/A       99%         9

Your spell library contained the following spells:

 Spells                   Type           Power      Damage    Failure   Level
 Call Imp                 Summ           100%       N/A       0%          2
 Summon Ice Beast         Ice/Summ       70%        N/A       1%          4
 Apportation              Tloc           24%        N/A       6%          1
 Necrotise                Necr           48%        1d6       6%          1
 Ensorcelled Hibernation  Hex/Ice        40%        N/A       6%          2
 Lesser Beckoning         Tloc           24%        N/A       10%         2
 Momentum Strike          Conj/Tloc      24%        3d8       10%         2
 Frozen Ramparts          Ice            24%        1d4       19%         3
 Ozocubu's Armour         Ice            12%        N/A       19%         3
 Spider Form              Tmut/Pois      12%        N/A       19%         3
 Cause Fear               Hex            14%        N/A       26%         4
 Anguish                  Hex/Necr       10%        N/A       38%         4
 Animate Dead             Necr           12%        N/A       52%         4
 Ice Form                 Ice/Tmut       12%        N/A       52%         4
 Metabolic Englaciation   Hex/Ice        10%        N/A       75%         5
 Haunt                    Necr/Summ      35%        N/A       82%         7
 Simulacrum               Ice/Necr       6%         N/A       100%        6
 Dragon Form              Tmut           6%         N/A       100%        7
 Infestation              Necr           6%         N/A       100%        8


Dungeon Overview and Level Annotations

Branches:
Dungeon (15/15)            Temple (1/1) D:5            Lair (5/5) D:10
 Spider (0/4) Lair:3        Slime (0/5) Lair:4          Orc (2/2) D:12
    Elf (0/3) Orc:2        Vaults (0/5) D:14        Ossuary (visited)
Gauntlet (visited)
  Swamp: Lair:2-3    Shoals: Lair:2-3    Depths: D:15

Altars:
Ashenzari
Cheibriados
Dithmenos
Fedhas
Gozag
Hepliaklqana
Kikubaaqudgha
Makhleb
Nemelex Xobeh
Okawaru
Qazlal
Ru
Sif Muna
Trog
Uskayaw
Vehumet
Wu Jian
Xom
Yredelemnul

Shops:
D:13 (=[   D:14 =   Orc:1 [   Orc:2 :[**?

Annotations:
D:3 1 runed translucent door, TrollFarmer's ghost, amateur GrEE
D:4 Pikel
D:10 1 runed translucent door, promet's ghost, journeyman DECj
D:15 Agnes
Lair:3 3 runed translucent doors, Gimmyonatz's ghost, journeyman MiFi; Veicad's ghost, journeyman OgCA


Innate Abilities, Weirdness & Mutations

A powerful demonic guardian rushes to your aid.
Your movements are slightly less encumbered by armour. (ER -2)
Spells you cast may paralyse nearby enemies.
Your touch may irresistibly damage your foes and sap their willpower.


Message History

The boulder beetle curls into a ball and begins rolling!
You take 16 damage, and have 53/115 hp.
You miss Agnes.
Agnes is moderately wounded.
Agnes shouts, "I will kick you around like a rattan ball!"
You block Agnes's attack.
Your warg closely misses Agnes.
The boulder beetle hits your lightning spire!!
The boulder beetle stops rolling and uncurls.
You pummel Agnes!!
Agnes is severely wounded.
Agnes hits you with a +1 antimagic lajatang!!
You feel yourself slow down.
You feel your power leaking away.
Your lightning spire shoots out a bolt of lightning at Agnes!
The bolt of electricity hits Agnes! x2; Your warg closely misses Agnes.
You take 18 damage, and have 36/115 hp.
You hit Agnes but do no damage.
Agnes is almost dead.
Agnes hits you with a +1 antimagic lajatang!
* * * LOW HITPOINT WARNING * * *
The boulder beetle bites your lightning spire but does no damage.
Your warg barely misses Agnes.
Agnes mutters, "I never trained for this."
Agnes hits you with a +1 antimagic lajatang.
* * * LOW HITPOINT WARNING * * *
Your lightning spire shoots out a bolt of lightning at the boulder beetle!
The bolt of electricity hits the boulder beetle!
The bolt of electricity hits the boulder beetle!!
The bolt of electricity hits your lightning spire.
Your lightning spire completely resists.
The boulder beetle bites your lightning spire!
Your warg completely misses Agnes.
You take 8 damage, and have 28/115 hp.
You barely miss Agnes.
Agnes is almost dead.
Agnes hits you with a +1 antimagic lajatang!
* * * LOW HITPOINT WARNING * * *
A demonic guardian appears!
Agnes hits you with a +1 antimagic lajatang!!
You die...

......# ...)..#######
............. .....##
....######### #.....#
....# #.....# ....#
#.....### ....#
#.h..B... .)..#
#..i8.... ....#
#.@3.....
....###########........
.......................
....................###
########.#####......#
#.))..#......#
#.#...#......#
#.#...#......#
#.#####......#


You could see Agnes (ally target), a boulder beetle (distracted), a friendly
smoke demon (summoned), a friendly warg (summoned) and a friendly lightning
spire (summoned).

Vanquished Creatures
  Azrael (D:12)
  A two-headed ogre (D:13)
  A centaur warrior (Orc:2)
  A skeletal warrior (D:15)
  A wolf spider (Lair:5)
  A deep elf pyromancer (D:13)
  An oklob plant (Gauntlet)
  An orc sorcerer (Orc:1)
  6 ugly things
  A manticore (D:12)
  A spectral centaur (D:12)
  6 black mambas
  A guardian serpent (shapeshifter) (D:14)
  A guardian serpent (Lair:5)
  An elephant (Lair:5)
  A gargoyle (D:14)
  7 cane toads
  2 komodo dragons
  3 rime drakes
  A troll (Orc:2)
  A polar bear (Lair:5)
  2 meliai (D:14)
  A hornet (D:10)
  3 blink frogs
  A raiju (Gauntlet)
  A slime creature (D:12)
  A culicivora (Lair:3)
  A meliai zombie (D:12)
  A spectral black mamba (D:12)
  8 flying skulls (D:12)
  A shadow (D:10)
  9 yaks
  A vampire (D:12)
  3 fire elementals (D:12)
  A redback (Lair:5)
  4 wyverns
  11 wraiths
  4 basilisks
  7 vampire mosquitoes
  2 wargs (D:12)
  An acid dragon (Gauntlet)
  8 water moccasins
  2 hell hounds (D:12)
  7 orc warriors
  2 black bears (D:8)
  A meliai simulacrum (D:12)
  4 ice beasts
  A black mamba simulacrum (D:12)
  A sky beast (D:8)
  An ogre (Orc:1)
  A wolf (D:10)
  3 centaurs
  10 bullfrogs
  4 scorpions
  A wight (D:9)
  4 howler monkeys
  3 electric eels (Lair:1)
  A jelly (D:7)
  A hound (D:5)
  4 orc priests
  5 iguanas
  A hell rat (D:12)
  8 orc wizards
  3 adders
  A shadow imp (D:8)
  An ufetubus (D:7)
  A dart slug (D:1)
  16 orcs
  A bat (D:1)
  3 endoplasms
  A giant cockroach (D:3)
  A goblin (D:3)
  A hobgoblin (D:1)
  3 jackals (D:3)
  A kobold (D:3)
  A quokka (D:3)
  A kobold zombie (Ossuary)
  A rat (D:1)
212 creatures vanquished.

Vanquished Creatures (collateral kills)
  A balrug (Gauntlet)
  A fire dragon (Lair:5)
  Josephine (D:15)
  3 hydras
  A centaur warrior (D:13)
  3 boulder beetles
  4 two-headed ogres
  2 tengu warriors (D:15)
  3 skeletal warriors (D:15)
  A swamp dragon (Lair:5)
  A wizard (D:15)
  2 orc knights (Orc:2)
  2 deep elf pyromancers
  An orc sorcerer (Orc:1)
  9 ugly things
  A wolf spider (Lair:5)
  A spectral boulder beetle (D:12)
  5 cyclopes
  4 elephants (Lair:5)
  A spectral centaur (D:12)
  An eye of devastation (shapeshifter) (D:14)
  A centaur zombie (D:12)
  2 black mambas (Lair:5)
  2 water nymphs (Lair:2)
  A gargoyle (D:12)
  An unseen horror (D:11)
  2 centaur skeletons (D:12)
  9 cane toads
  3 rime drakes
  An efreet (D:13)
  7 komodo dragons
  3 freezing wraiths
  A meliai (D:14)
  3 trolls
  A meliai (shapeshifter) (D:15)
  2 hornets (Lair:5)
  A wind drake (shapeshifter) (D:14)
  Prince Ribbit (D:5)
  11 blink frogs
  Grinder (D:6)
  Sigmund (D:6)
  A spectral black mamba (D:12)
  A slime creature (D:12)
  3 flying skulls (D:12)
  12 wyverns
  2 culicivoras (Lair:3)
  A centaur simulacrum (D:12)
  4 shadows
  6 wraiths
  26 yaks
  2 steam dragons
  11 vampire mosquitoes
  4 basilisks
  4 wargs
  4 water moccasins
  3 acid dragons
  A hell hound (D:12)
  A meliai simulacrum (D:12)
  2 sky beasts
  A swamp drake (Lair:5)
  2 ice beasts (D:10)
  A black bear (D:6)
  A black mamba simulacrum (D:12)
  23 orc warriors
  7 centaurs
  3 ogres
  3 wolves (D:10)
  A tengu (shapeshifter) (D:14)
  Blork the orc (D:4)
  9 bullfrogs
  A gnoll sergeant (D:11)
  12 wights
  2 electric eels (Lair:2)
  A howler monkey (D:7)
  10 orc priests
  2 hounds
  5 jellies
  Crazy Yiuf (D:7)
  A sleepcap (D:5)
  9 iguanas
  Ijyb (D:3)
  18 orc wizards
  Natasha (twice) (D:3)
  2 hell rats (D:12)
  A boggart simulacrum (D:12)
  3 mummies (Ossuary)
  4 gnolls (D:11)
  2 adders
  2 white imps
  65 orcs
  3 endoplasms
  3 goblins (D:1)
  A hobgoblin (D:3)
  2 quokkas
  2 ball pythons (D:4)
  4 bats
  2 frilled lizards (D:2)
  A gnoll zombie (Ossuary)
  2 goblin zombies (Ossuary)
  3 hobgoblin zombies (Ossuary)
  A kobold (D:1)
  4 kobold zombies (Ossuary)
  4 rats
418 creatures vanquished.

Vanquished Creatures (others)
  An azure jelly (D:14)
  A minotaur (Gauntlet)
  A centaur warrior (D:13)
  An orc knight (Orc:2)
  A cyclops (Orc:2)
  3 ugly things (D:14)
  A black mamba (Lair:5)
  2 cane toads
  A freezing wraith (D:14)
  A komodo dragon (Lair:4)
  A polar bear (Lair:5)
  2 slime creatures (D:12)
  9 yaks
  3 orc warriors (Orc:2)
  An orc (D:6)
29 creatures vanquished.

Grand Total: 659 creatures vanquished

Notes
Turn   | Place    | Note
-------+----------+-------------------------------------------
     0 | D:1      | jasper the Demonspawn Summoner began the quest for the Orb.
     0 | D:1      | Reached XP level 1. HP: 13/13 MP: 3/3
   247 | D:1      | Gained mutation: Spells you cast may paralyse adjacent
                  | enemies. [demonic ancestry]
   247 | D:1      | Reached XP level 2. HP: 19/19 MP: 3/5
   254 | D:1      | Learned a level 2 spell: Call Imp
  1621 | D:3      | Noticed Ijyb
  1640 | D:3      | Killed Ijyb
  1641 | D:3      | Reached skill level 5 in Summonings
  1641 | D:3      | Gained mutation: Your movements are slightly less
                  | encumbered by armour. (ER -2) [demonic ancestry]
  1641 | D:3      | Reached XP level 3. HP: 21/24 MP: 2/6
  1658 | D:3      | Learned a level 3 spell: Call Canine Familiar
  2069 | D:3      | Noticed Natasha
  2077 | D:3      | Killed Natasha
  2078 | D:3      | Gained mutation: A weak demonic guardian rushes to your
                  | aid. [demonic ancestry]
  2078 | D:3      | Reached XP level 4. HP: 30/30 MP: 1/7
  2202 | D:3      | Found an opulent altar of Gozag.
  2260 | D:3      | Noticed Natasha
  2272 | D:3      | Killed Natasha
  2273 | D:3      | Reached skill level 6 in Summonings
  2425 | D:3      | Found a runed translucent door.
  2425 | D:3      | Noticed TrollFarmer's ghost (amateur GrEE)
  2439 | D:3      | Found a hazy altar of Hepliaklqana.
  2701 | D:4      | Noticed Blork the orc
  2810 | D:4      | Killed Blork the orc
  2811 | D:4      | Gained mutation: Your touch may inflict minor irresistible
                  | damage on your foes. [demonic ancestry]
  2811 | D:4      | Reached XP level 5. HP: 24/35 MP: 3/8
  2878 | D:4      | Noticed a lemure
  2878 | D:4      | Noticed a lemure
  2880 | D:4      | Noticed a lemure
  2880 | D:4      | Noticed a lemure
  2881 | D:4      | Noticed Pikel
  2927 | D:5      | Entered Level 5 of the Dungeon
  2927 | D:5      | Noticed an ice beast
  2932 | D:5      | Reached skill level 7 in Summonings
  2948 | D:5      | Killed an ice beast
  2949 | D:5      | Reached XP level 6. HP: 20/41 MP: 2/9
  2953 | D:5      | Learned a level 3 spell: Summon Guardian Golem
  3024 | D:5      | Found a staircase to the Ecumenical Temple.
  3034 | Temple   | Entered the Ecumenical Temple
  3063 | Temple   | Became a worshipper of Cheibriados the Contemplative
  3191 | D:5      | Reached skill level 1 in Hexes
  3422 | D:5      | Reached skill level 8 in Summonings
  3470 | D:5      | Gained mutation: A demonic guardian rushes to your aid.
                  | [demonic ancestry]
  3470 | D:5      | Reached XP level 7. HP: 46/46 MP: 10/10
  3696 | D:5      | Noticed Prince Ribbit
  3722 | D:5      | Killed Prince Ribbit
  3723 | D:5      | Reached skill level 9 in Summonings
  3764 | D:5      | Found a sacrificial altar of Ru.
  3882 | D:5      | Gained mutation: Spells you cast may paralyse nearby
                  | enemies. [demonic ancestry]
  3882 | D:5      | Reached XP level 8. HP: 51/52 MP: 11/11
  3928 | D:5      | Reached skill level 10 in Summonings
  4140 | D:5      | Reached * piety under Cheibriados
  4638 | D:6      | Reached skill level 11 in Summonings
  4759 | D:6      | Noticed Grinder
  4780 | D:6      | Killed Grinder
  5076 | D:6      | Reached skill level 12 in Summonings
  5226 | D:6      | Noticed Sigmund
  5235 | D:6      | Killed Sigmund
  5236 | D:6      | Gained mutation: A powerful demonic guardian rushes to your
                  | aid. [demonic ancestry]
  5236 | D:6      | Reached XP level 9. HP: 57/57 MP: 9/12
  5347 | D:6      | Found an ancient bone altar of Kikubaaqudgha.
  5952 | D:7      | Found a sand-covered staircase.
  5954 | D:7      | Reached ** piety under Cheibriados
  5970 | D:7      | Reached skill level 13 in Summonings
  5982 | Ossuary  | Entered an ossuary
  6234 | Ossuary  | Learned a level 4 spell: Summon Lightning Spire
  6568 | D:7      | Reached skill level 1 in Invocations
  6571 | D:7      | Reached skill level 1 in Fighting
  6571 | D:7      | Reached skill level 1 in Armour
  6575 | D:7      | Reached skill level 1 in Unarmed Combat
  6615 | D:7      | Identified the +8 rapier of Expedience {speed, *Corrode
                  | +Blink rPois Str+9}
  6965 | D:7      | Found a runed translucent door.
  6966 | D:7      | Noticed Crazy Yiuf
  6968 | D:7      | Identified the +5 hammer of Dishonesty {flame, rF+ Dex+3}
  6972 | D:7      | Killed Crazy Yiuf
  7054 | D:8      | Reached *** piety under Cheibriados
  7353 | D:8      | Gained mutation: Your touch may inflict irresistible damage
                  | on your foes. [demonic ancestry]
  7353 | D:8      | Reached XP level 10. HP: 69/69 MP: 10/14
  7356 | D:8      | Found a basalt altar of Yredelemnul.
  7589 | D:8      | Reached skill level 5 in Invocations
  7639 | D:8      | Reached **** piety under Cheibriados
  8105 | D:9      | HP: 3/69 [troll (9)]
  8590 | D:9      | Reached skill level 10 in Invocations
  8844 | D:9      | Identified the +3 pair of boots of the Teaching Gods {rN++
                  | Regen+ Dex-4}
  8996 | D:10     | Entered Level 10 of the Dungeon
  9021 | D:10     | Reached ***** piety under Cheibriados
  9073 | D:10     | Found a faded altar of an unknown god.
  9073 | D:10     | Found a bloodstained altar of Trog.
  9081 | D:10     | Found a faded altar of an unknown god.
  9083 | D:10     | Found a sparkling altar of Nemelex Xobeh.
  9231 | D:10     | Noticed a two-headed ogre
  9239 | D:10     | Killed a two-headed ogre
  9290 | D:10     | Reached XP level 11. HP: 75/75 MP: 20/20
  9318 | D:10     | Found a staircase to the Lair.
  9491 | D:10     | Identified the +0 leather armour of Panac {rPois rC+ Will-
                  | Dex+2}
  9650 | D:10     | Noticed a deep elf pyromancer
  9662 | D:10     | Killed a deep elf pyromancer
  9992 | D:10     | Found a runed translucent door.
  9994 | D:10     | Noticed promet's ghost (journeyman DECj)
 10269 | D:11     | Reached skill level 5 in Unarmed Combat
 10446 | D:11     | Noticed a boulder beetle
 10453 | D:11     | Killed a boulder beetle
 10611 | D:11     | Reached skill level 5 in Fighting
 10828 | Lair:1   | Entered Level 1 of the Lair of Beasts
 10857 | Lair:1   | Reached ****** piety under Cheibriados
 11154 | Lair:1   | Reached skill level 5 in Armour
 11311 | Lair:1   | You fall into a shaft and drop 1 floor!
 11552 | Lair:2   | Reached XP level 12. HP: 77/87 MP: 17/21
 11963 | Lair:3   | Found the +10 Black Knight's barding {ponderous, rPois rN+}
 11977 | Lair:3   | Found a hole to the Spider Nest.
 12403 | Lair:3   | Found a runed translucent gate.
 12403 | Lair:3   | Found a runed translucent gate.
 12403 | Lair:3   | Found a runed translucent gate.
 12407 | Lair:3   | Noticed Gimmyonatz's ghost (journeyman MiFi)
 12407 | Lair:3   | Noticed Veicad's ghost (journeyman OgCA)
 13029 | Lair:4   | Noticed a five-headed hydra
 13038 | Lair:4   | Killed a five-headed hydra
 13323 | Lair:4   | Reached skill level 14 in Summonings
 13323 | Lair:4   | Reached XP level 13. HP: 98/98 MP: 22/22
 13352 | Lair:4   | Found a staircase to the Slime Pits.
 13422 | Lair:5   | Entered Level 5 of the Lair of Beasts
 13444 | Lair:5   | Reached skill level 10 in Unarmed Combat
 13456 | Lair:5   | Reached XP level 14. HP: 96/105 MP: 2/23
 13510 | Lair:5   | Found a gate leading to a gauntlet.
 13601 | Gauntlet | Entered a Gauntlet
 13601 | Gauntlet | Found a transporter.
 13601 | Gauntlet | Found a transporter.
 13601 | Gauntlet | Found a transporter.
 13601 | Gauntlet | Found a transporter.
 13633 | Gauntlet | Found a transporter.
 13647 | Gauntlet | Found a transporter.
 13647 | Gauntlet | Found a transporter.
 13657 | Gauntlet | Found a transporter.
 13662 | Gauntlet | Noticed a balrug
 13678 | Gauntlet | Found a transporter.
 13695 | Gauntlet | Found a transporter.
 13699 | Gauntlet | Found a transporter.
 13709 | Gauntlet | Found a transporter.
 13868 | Gauntlet | Killed a balrug
 14010 | Gauntlet | Identified the +1 leather armour "Bihas" {Int-3 Dex+5}
 14010 | Gauntlet | Identified the +0 pair of gloves "Ciuf" {rElec}
 15008 | D:12     | Found a staircase to the Orcish Mines.
 15143 | D:12     | Noticed Azrael
 15184 | D:12     | Killed Azrael
 15827 | D:12     | Reached skill level 10 in Fighting
 16042 | D:12     | Found a basalt altar of Yredelemnul.
 16143 | Orc:1    | Entered Level 1 of the Orcish Mines
 16155 | Orc:1    | Reached skill level 10 in Armour
 16191 | Orc:1    | Found Ugguisis's Armour Emporium.
 16365 | Orc:1    | Found a shimmering altar of Xom.
 16556 | Orc:2    | Entered Level 2 of the Orcish Mines
 16577 | Orc:2    | Found a staircase to the Elven Halls.
 16910 | Orc:2    | Gained mutation: Your touch may irresistibly damage your
                  | foes and sap their willpower. [demonic ancestry]
 16910 | Orc:2    | Reached XP level 15. HP: 88/115 MP: 19/24
 17027 | Orc:2    | Found Hupood's Book Boutique.
 17035 | Orc:2    | Bought a book of the Dragon for 460 gold pieces
 17035 | Orc:2    | Bought a book of Spatial Translocations for 180 gold pieces
 17038 | Orc:2    | Learned a level 2 spell: Blink
 17200 | Orc:2    | Found a bloodstained altar of Trog.
 17375 | Orc:2    | Found Fump's Assorted Antiques.
 17375 | Orc:2    | Found Zygor's General Store.
 17377 | Orc:2    | Found Xaevev's Magic Scroll Boutique.
 17379 | Orc:2    | Found Ifalurr's Armour Shoppe.
 17383 | Orc:2    | Bought a scroll of immolation for 128 gold pieces
 17386 | Orc:2    | Bought a scroll of blinking for 90 gold pieces
 17386 | Orc:2    | Bought a scroll of teleportation for 36 gold pieces
 17386 | Orc:2    | Bought 3 scrolls of teleportation for 108 gold pieces
 17386 | Orc:2    | Bought a scroll of immolation for 48 gold pieces
 17386 | Orc:2    | Bought a scroll of magic mapping for 90 gold pieces
 17386 | Orc:2    | Bought 2 scrolls of summoning for 228 gold pieces
 17391 | Orc:2    | Bought the scarf of Reomaas {shadows, *Slow Str+7} for 261
                  | gold pieces
 18015 | Lair:5   | Reached skill level 5 in Spellcasting
 18314 | Lair:5   | Learned a level 9 spell: Dragon's Call
 19120 | D:13     | Reached skill level 15 in Summonings
 19342 | D:13     | You fall into a shaft and drop 2 floors!
 19342 | D:15     | Entered Level 15 of the Dungeon
 19595 | D:14     | Found a gate to the Vaults.
 19854 | D:14     | Reached skill level 16 in Summonings
 19983 | D:14     | Found Yxouk's Jewellery Emporium.
 20216 | D:14     | Noticed an azure jelly
 20224 | D:14     | Killed an azure jelly
 20511 | D:13     | Identified a scroll of acquirement
 20512 | D:13     | Acquired 752 gold pieces
 20521 | D:13     | Found Atuah's Jewellery Emporium.
 20572 | D:13     | Found Agailuji's Weapon Emporium.
 20584 | D:13     | Found Ytueqinn's Armour Shoppe.
 20976 | D:15     | Noticed Josephine
 20986 | D:15     | Killed Josephine
 20987 | D:15     | Reached skill level 17 in Summonings
 21277 | D:15     | Noticed Agnes
 21286 | D:15     | Slain by Agnes

Illustrated notes

Levels and vault maps discovered:
D:1:      minmay_arrival_solitary_statue, layout_basic, minmay_liquid_box
D:2:      layout_loops_ring, kennysheep_boxes
D:3:      layout_basic, mainiacjoe_overflow_six_doors_small,
          lemuel_crystal_altar, serial_curves, eino_curves_03, eino_curves_03,
          eino_curves_02, gammafunk_ghost_grave, uniq_ijyb, uniq_natasha
D:4:      layout_basic, uniq_menkaure, uniq_pikel, uniq_blork_the_orc
D:5:      nicolae_cairo_tiling_very_big, layout_loops_corners,
          nicolae_ru_path_of_blood, minmay_temple_entry_antechambers,
          minmay_misc_feat_roman, uniq_prince_ribbit1
D:6:      layout_layer_cave, kiku_gazebo_garden_becter, uniq_grinder,
          uniq_sigmund
D:7:      layout_rooms, nicolae_ossuary_entry_monument, uniq_crazy_yiuf_cottage
D:8:      layout_basic, marbit_many_paths, serial_bayou_pond_c,
          amethyst_killhole, nrook_campfire
D:9:      layout_gridville, minmay_variable_closet, minmay_between
D:10:     layout_roguey [special_room_orc], chequers_temple_overflow_minitemple,
          elyvilon_altar_3, hellmonk_lair_entry_icy,
          ebering_ghost_reflecting_pool, serial_rivers,
          chequers_serial_rivers_large_b, chequers_serial_rivers_small_a,
          chequers_serial_rivers_large_a, chequers_serial_rivers_micro_d,
          chequers_serial_rivers_room_a, minmay_tree_intersection
D:11:     layout_roguey
D:12:     lemuel_vampire_tower, layout_basic, orc_0_dummy, uniq_azrael
D:13:     layout_gridville, serial_shops, nicolae_inconvenience_store,
          shop_statue, shop
D:14:     layout_basic, david_vaults_2, serial_shops,
          nicolae_shop_advertising_works [nicolae_subvault_shop_adworks],
          portal_ice_cave_entry_frozen_things
D:15:     grunt_enter_depths_giant_problem, layout_irregular_city, serial_shops,
          shop, uniq_agnes, uniq_rupert, uniq_josephine
Temple:   nicolae_temple_ecumenical_triangle
Lair:1:   layout_long_grid, beast_lair_carwin_1, serial_bayou_shore_a
Lair:2:   layout_gridlike, nicolae_shoals_entry_flooding
Lair:3:   layout_hall_layers, hellmonk_spider_entry_life_and_decay,
          gammafunk_ghost_cemetery, beast_lair_carwin_11
Lair:4:   layout_hall_layers, nicolae_slime_entry_field_trip
Lair:5:   hangedman_lair_tendril_chambers, layout_loops_ring,
          guppyfry_lair_end_dragon, gauntlet_entry_generic
Orc:1:    layout_caves, serial_shops, nicolae_shop_pleasant_corner_grove,
          basic_altar
Orc:2:    st_orc_rangers, layout_diamond_mine, serial_shops,
          nicolae_book_shop_shelving, basic_altar, minmay_orc_temple_a

Skill      XL: |  1  2  3  4  5  6  7  8  9 10 11 12 13 14 15 |
---------------+----------------------------------------------+-----
Summonings     | 5 6 7 8 9 12 13 14 17 | 17.5
Hexes          | 2 |  2.0
Spellcasting   | 3 6 |  6.0
Invocations    | 4 12 | 12.0
Fighting       | 2 3 5 7 8 10 | 10.0
Armour         | 2 5 7 10 | 10.0
Unarmed Combat | 2 3 7 9 10 12 | 12.0
Dodging        | 4 |  4.9
Stealth        | |  1.7

Action                     |  1- 3 |  4- 6 |  7- 9 | 10-12 | 13-15 || total
---------------------------+-------+-------+-------+-------+-------++-------
  Melee: Unarmed           |    26 |       |       |   240 |   502 ||   768
         Whip              |    31 |    42 |    83 |       |       ||   156
         Touch             |       |     5 |    20 |    57 |   111 ||   193
         Punch             |       |     1 |       |    12 |    58 ||    71
   Cast: Summon Small Mamm |    10 |       |       |       |       ||    10
         Call Imp          |    21 |     8 |     3 |     1 |       ||    33
         Call Canine Famil |     1 |     8 |    32 |    46 |    71 ||   158
         Summon Guardian G |       |       |     5 |     4 |    20 ||    29
         Summon Lightning  |       |       |     1 |    43 |   103 ||   147
  Evoke: Wand              |       |     1 |       |     6 |       ||     7
         Tin of tremorston |       |       |       |     2 |       ||     2
    Use: Scroll            |     2 |     5 |     9 |     9 |     8 ||    33
         Potion            |       |       |       |     4 |     2 ||     6
   Stab: Distracted        |     1 |     1 |     1 |     2 |    10 ||    15
         Paralysed         |       |     5 |     2 |     9 |    14 ||    30
         Sleeping          |       |       |     1 |     3 |     2 ||     6
 Armour: Robe              |     3 |       |       |       |       ||     3
         Leather armour    |     2 |     6 |    26 |    14 |       ||    48
         Troll leather arm |       |       |       |    84 |    28 ||   112
         Ring mail         |       |       |       |       |   365 ||   365
  Dodge: Dodged            |    28 |    31 |    79 |   147 |   493 ||   778
  Block: Kite shield       |       |       |       |       |     5 ||     5

Table legend: (Time is in decaauts)
 A = Elapsed time spent in this place.
 B = Non-inter-level travel time spent in this place.
 C = Inter-level travel time spent in this place.
 D = Time resting spent in this place.
 E = Time spent auto-exploring this place.
 F = Levels seen in this place.
 G = Mean time per level.
                   A        B        C        D        E       F      G
               +--------+--------+--------+--------+--------+-----+--------+
         Total |  30823 |  28752 |   2071 |    617 |  22199 |  25 | 1232.9 |
       Dungeon |  19303 |  18170 |   1133 |    308 |  14303 |  15 | 1286.9 |
        Temple |     51 |     31 |     20 |      0 |     18 |   1 |   51.0 |
          Lair |   7550 |   6799 |    751 |    161 |   5172 |   5 | 1510.0 |
  Orcish Mines |   2494 |   2329 |    165 |      0 |   1912 |   2 | 1247.0 |
       Ossuary |    719 |    719 |      0 |    106 |    407 |   1 |  719.0 |
      Gauntlet |    704 |    704 |      0 |     42 |    387 |   1 |  704.0 |
               +--------+--------+--------+--------+--------+-----+--------+

Top non-repeatable levels by time:
  Lair:5: 2670 daAuts
    D:10: 2376 daAuts
    D:12: 2250 daAuts
     D:6: 1860 daAuts
  Lair:3: 1804 daAuts
     D:5: 1743 daAuts
   Orc:2: 1731 daAuts
    D:14: 1594 daAuts
     D:8: 1522 daAuts
     D:9: 1388 daAuts
     D:3: 1123 daAuts
  Lair:2: 1080 daAuts
  Lair:4: 1021 daAuts
    D:13: 1007 daAuts
     D:1: 991 daAuts
